Flames vs Kings

Created - 11 avril 2016 at 19:04

Goals
1 2 3 T
Flames 3 2 3 8
Kings 1 1 1 3
Shots
1 2 3 T
Flames 14 6 18 38
Kings 10 10 9 29

1st period

1. Kings , Daniel Briere 25 (Anze Kopitar, Rob Scuderi) at 10:03 (PP)
2. Flames , Jordin Tootoo 18 (Marcel Goc, Filip Kuba) at 10:29
3. Flames , Marcel Goc 21 (Steve Eminger, Eric Staal) at 12:45
4. Flames , David Backes 38 (Alexander Semin, Eric Staal) at 16:43

Penalties :
Alexander Semin (Cal) for Hooking (Minor) at 9:45

2nd period

5. Flames , Marcel Goc 22 (Mark Bell, Erik Johnson) at 3:41
6. Kings , Andrew Cogliano 18 (Jonas Hoglund) at 5:30 (SH)
7. Flames , Marcel Goc 23 (Mark Bell) at 12:21

Penalties :
Jordan Leopold (LAK) for Roughing (Minor) at 3:44

3rd period

8. Flames , Patrik Berglund 13 (Filip Kuba) at 4:14 (PP)
9. Kings , Andrew Cogliano 19 (Anze Kopitar) at 10:13 (PP)
10. Flames , Erik Johnson 6 (Steve Regier, Patrik Berglund) at 16:05 (PP)
11. Flames , David Backes 39 (Alexander Semin, Eric Staal) at 19:50

Penalties :
Matt Duchene (LAK) for High sticking (Minor) at 3:39, Anze Kopitar (LAK) for Roughing (Double Minor) at 5:49, Mark Bell (Cal) for Holding (Minor) at 10:03, Michel Ouellet (Cal) for Hooking (Minor) at 11:56, Shane Doan (LAK) for Cross-checking (Minor) at 15:50

Goalie Stats

Craig Anderson (Cal), 26 saves from 29 shots - (0,897), W, 12-2-1, 60:00 minutes
Jean-Sébastien Giguère (LAK), 16 saves from 20 shots - (0,800), 36:19 minutes
Robin Lehner (LAK), 14 saves from 18 shots - (0,778), L, 16-16-5, 23:41 minutes

Players Stats for Flames

Player Name              G  A  P  +/- PIM S  H  SB GA TA FO     MP     PP MP  PK MP  
------------------------------------------------------------------------------------
Alexander Semin          0  2  2   2  2   4  3  1  3  0  1/3    23:44   3:36   0:28 
Brad Marchand            0  0  0   0  0   2  1  1  1  0  0/0     9:01   1:12   0:00 
Colin Wilson             0  0  0   0  0   2  1  0  0  1  1/2     9:48   0:03   0:01 
Craig Adams              0  0  0   0  0   0  0  0  0  0  0/0     8:46   0:57   0:00 
David Backes             2  0  2   2  0   7  2  1  1  0  0/0    23:15   3:36   1:38 
Eric Staal               0  3  3   2  0   1  1  1  1  0  20/30  22:22   3:36   0:45 
Erik Johnson             1  1  2   2  0   2  2  1  1  0  0/0    21:51   4:00   0:36 
Filip Kuba               0  2  2   2  0   1  2  1  0  2  0/0    27:05   4:37   0:00 
Joe Corvo                0  0  0   1  0   0  0  0  0  1  0/0    13:42   2:10   0:00 
Jordin Tootoo            1  0  1   4  0   3  4  0  0  1  0/0    14:13   0:03   0:21 
Marcel Goc               3  1  4   4  0   7  0  0  0  1  7/15   16:05   0:50   1:41 
Mark Bell                0  2  2   4  2   0  4  0  0  0  0/0    13:33   0:00   0:00 
Michel Ouellet           0  0  0  -1  2   1  1  0  0  0  0/0    13:17   1:57   0:00 
Patrik Berglund          1  1  2  -1  0   2  1  0  0  1  5/11   11:42   2:16   0:00 
Ron Hainsey              0  0  0   2  0   3  1  1  1  0  0/0    14:30   0:52   1:51 
Steve Eminger            0  1  1   2  0   1  1  0  0  0  0/0    23:49   0:00   1:51 
Steve Regier             0  1  1  -1  0   2  2  1  0  0  0/0    11:44   2:18   0:00 
Tomas Kaberle            0  0  0   1  0   0  0  1  1  0  0/0    19:03   1:57   0:36 

Players Stats for Kings

Player Name              G  A  P  +/- PIM S  H  SB GA TA FO     MP     PP MP  PK MP  
------------------------------------------------------------------------------------
Andrej Sekera            0  0  0  -3  0   3  0  3  0  2  0/0    13:42   0:00   1:09 
Andrew Cogliano          2  0  2  -1  0   2  0  0  0  0  3/5    19:35   1:34   1:42 
Anze Kopitar             0  2  2  -2  4   3  2  0  0  1  16/40  20:22   1:34   2:27 
Brad Ference             0  0  0  -1  0   1  0  1  0  1  0/0    20:52   1:15   2:09 
Daniel Briere            1  0  1  -2  0   5  2  0  1  1  1/1    21:52   1:34   3:59 
Drew Doughty             0  0  0   0  0   4  2  0  2  0  0/0    26:17   1:12   4:09 
Greg Campbell            0  0  0  -2  0   2  0  0  0  1  3/6    15:17   0:53   1:08 
Jonas Hoglund            0  1  1  -1  0   3  1  0  0  0  2/2    14:31   0:53   0:22 
Jordan Leopold           0  0  0   0  2   0  1  0  0  2  0/0    22:49   1:12   2:09 
Jordan Nolan             0  0  0  -1  0   1  2  0  0  0  2/4    13:28   0:00   1:30 
Luke Schenn              0  0  0  -4  0   0  1  2  1  1  0/0    12:51   0:00   0:30 
Martin Samuelsson        0  0  0  -1  0   0  1  1  0  0  0/0    13:08   0:00   1:07 
Matt Duchene             0  0  0  -1  2   3  1  1  3  0  0/3    10:29   0:00   1:21 
Max Pacioretty           0  0  0  -1  0   2  0  0  0  0  0/0     9:09   0:00   0:00 
Rob Scuderi              0  1  1  -2  0   0  0  0  0  0  0/0    23:28   1:15   3:30 
Scottie Upshall          0  0  0  -2  0   0  3  0  0  0  0/0    14:09   0:53   0:00 
Shane Doan               0  0  0  -1  2   0  0  0  0  0  0/0    12:00   0:00   0:00 
Vladimir Tarasenko       0  0  0  -1  0   0  0  0  0  0  0/0     9:09   0:00   0:00 

3 Stars

1 - Marcel Goc (Cal)
2 - David Backes (Cal)
3 - Jordin Tootoo (Cal)

Power Play

Flames - 2 on 5 Attempt(s) - 40,00%
Kings - 2 on 3 Attempt(s) - 66,67%

Penalty Kill

Flames - 1 on 3 Attempt(s) - 33,33% - Score 0 goal in Penalty Kill
Kings - 3 on 5 Attempt(s) - 60,00% - Score 1 goal in Penalty Kill

Team Stat

Flames - Hits : 26 - Faceoff Wins : 34 - Blocked Shots : 9 - Penalty Minutes : 6
Kings - Hits : 16 - Faceoff Wins : 27 - Blocked Shots : 8 - Penalty Minutes : 10

Official

Referees : Pollock Kevin and Kimmerly Greg
Linesman : Steve Miller and Lyle Seitz

Game Notes

Jean-Sébastien Giguère enters game at 3:41 of 2nd period
Marcel Goc has scored a Hat Trick!

Finance

Level 1 -- Attendance: 6000 (100,00%) -- Ticket Income 390 000 $
Level 2 -- Attendance: 5000 (100,00%) -- Ticket Income 200 000 $
Level 3 -- Attendance: 1952 (97,60%) -- Ticket Income 39 040 $
Level 4 -- Attendance: 4000 (100,00%) -- Ticket Income 60 000 $
Luxury Box -- Attendance: 1000 (100,00%) -- Ticket Income 125 000 $
Game was played at the Staples Center.
Total Attendance: 17952 (99,73%)
Total Ticket Income: 814 040 $
Other Income: 122 106 $
Total Income: 936 146 $

Flames

5 vs 5 Forward 
   Center                   Left Wing                Right Wing               Time % Phy DF OF 
 1 Eric Staal               Alexander Semin          David Backes             39     1   2  2  
 2 Marcel Goc               Mark Bell                Jordin Tootoo            30     1   2  2  
 3 Patrik Berglund          Steve Regier             Michel Ouellet           21     1   2  2  
 4 Colin Wilson             Brad Marchand            Craig Adams              10     1   2  2  

5 vs 5 Defense 
   Defense                  Defense                                           Time % Phy DF OF 
 1 Filip Kuba               Steve Eminger                                     40     1   2  2  
 2 Tomas Kaberle            Erik Johnson                                      30     1   2  2  
 3 Ron Hainsey              Joe Corvo                                         20     1   2  2  
 4 Filip Kuba               Steve Eminger                                     10     1   2  2  

PowerPlay Forward 
   Center                   Left Wing                Right Wing               Time % Phy DF OF 
 1 Eric Staal               Alexander Semin          David Backes             60     1   2  2  
 2 Patrik Berglund          Steve Regier             Michel Ouellet           40     1   2  2  

PowerPlay Defense
   Defense                  Defense                                           Time % Phy DF OF 
 1 Filip Kuba               Erik Johnson                                      60     1   2  2  
 2 Tomas Kaberle            Joe Corvo                                         40     1   2  2  

Penalty Kill 4 Players Forward 
   Center                   Wing                     Time % Phy DF OF 
 1 Marcel Goc               David Backes             60     1   3  1  
 2 Eric Staal               Jordin Tootoo            40     1   3  1  

Penalty Kill 4 Players Defense
   Defense                  Defense                  Time % Phy DF OF 
 1 Ron Hainsey              Steve Eminger            60     1   3  1  
 2 Tomas Kaberle            Erik Johnson             40     1   3  1  

Penalty Kill - 3 Players Forward 
   Forward                                           Time % Phy DF OF 
 1 Eric Staal                                        60     1   4  0  
 2 David Backes                                      40     1   4  0  

Penalty Kill - 3 Players Defense
   Defense                  Defense                  Time % Phy DF OF 
 1 Ron Hainsey              Steve Eminger            60     1   4  0  
 2 Tomas Kaberle            Erik Johnson             40     1   4  0  

4 vs 4 Forward 
   Center                   Wing                     Time % Phy DF OF 
 1 Eric Staal               Alexander Semin          60     1   2  2  
 2 Marcel Goc               David Backes             40     1   2  2  

4 vs 4 Defense
   Defense                  Defense                  Time % Phy DF OF 
 1 Filip Kuba               Steve Eminger            60     1   2  2  
 2 Tomas Kaberle            Erik Johnson             40     1   2  2  

Last Minutes Offensive
   Center                   Left Wing                Right Wing               Defense                  Defense                  
   Eric Staal               Alexander Semin          David Backes             Filip Kuba               Steve Eminger            

Last Minutes Defensive
   Center                   Left Wing                Right Wing               Defense                  Defense                  
   Eric Staal               Alexander Semin          David Backes             Filip Kuba               Steve Eminger            

Goaltenders
Starting : Craig Anderson           
Backup : Pekka Rinne              

Extra Forwards
Normal : Alexander Semin, Jordin Tootoo, Mark Bell - PP : Michel Ouellet, Brad Marchand - PK : David Backes
Extra Defensemen
Normal : Erik Johnson, Joe Corvo, Tomas Kaberle - PP : Filip Kuba - PK : Erik Johnson, Ron Hainsey
Penalty Shots
Eric Staal, Alexander Semin, David Backes, Patrik Berglund, Mark Bell

Kings

5 vs 5 Forward 
   Center                   Left Wing                Right Wing               Time % Phy DF OF 
 1 Anze Kopitar             Andrew Cogliano          Daniel Briere            40     1   2  2  
 2 Greg Campbell            Scottie Upshall          Jonas Hoglund            30     1   2  2  
 3 Jordan Nolan             Martin Samuelsson        Shane Doan               20     1   2  2  
 4 Matt Duchene             Max Pacioretty           Vladimir Tarasenko       10     1   2  2  

5 vs 5 Defense 
   Defense                  Defense                                           Time % Phy DF OF 
 1 Drew Doughty             Jordan Leopold                                    40     1   2  2  
 2 Rob Scuderi              Brad Ference                                      30     1   2  2  
 3 Andrej Sekera            Luke Schenn                                       20     1   2  2  
 4 Drew Doughty             Jordan Leopold                                    10     1   2  2  

PowerPlay Forward 
   Center                   Left Wing                Right Wing               Time % Phy DF OF 
 1 Anze Kopitar             Andrew Cogliano          Daniel Briere            60     1   2  2  
 2 Greg Campbell            Scottie Upshall          Jonas Hoglund            40     1   2  2  

PowerPlay Defense
   Defense                  Defense                                           Time % Phy DF OF 
 1 Drew Doughty             Jordan Leopold                                    60     1   2  2  
 2 Rob Scuderi              Brad Ference                                      40     1   2  2  

Penalty Kill 4 Players Forward 
   Center                   Wing                     Time % Phy DF OF 
 1 Anze Kopitar             Daniel Briere            60     1   2  2  
 2 Jonas Hoglund            Andrew Cogliano          40     1   2  2  

Penalty Kill 4 Players Defense
   Defense                  Defense                  Time % Phy DF OF 
 1 Drew Doughty             Jordan Leopold           60     1   2  2  
 2 Rob Scuderi              Brad Ference             40     1   2  2  

Penalty Kill - 3 Players Forward 
   Forward                                           Time % Phy DF OF 
 1 Anze Kopitar                                      60     1   2  2  
 2 Daniel Briere                                     40     1   2  2  

Penalty Kill - 3 Players Defense
   Defense                  Defense                  Time % Phy DF OF 
 1 Drew Doughty             Jordan Leopold           60     1   2  2  
 2 Rob Scuderi              Brad Ference             40     1   2  2  

4 vs 4 Forward 
   Center                   Wing                     Time % Phy DF OF 
 1 Anze Kopitar             Daniel Briere            60     1   2  2  
 2 Jonas Hoglund            Andrew Cogliano          40     1   2  2  

4 vs 4 Defense
   Defense                  Defense                  Time % Phy DF OF 
 1 Drew Doughty             Jordan Leopold           60     1   2  2  
 2 Rob Scuderi              Brad Ference             40     1   2  2  

Last Minutes Offensive
   Center                   Left Wing                Right Wing               Defense                  Defense                  
   Anze Kopitar             Andrew Cogliano          Daniel Briere            Drew Doughty             Jordan Leopold           

Last Minutes Defensive
   Center                   Left Wing                Right Wing               Defense                  Defense                  
   Anze Kopitar             Andrew Cogliano          Daniel Briere            Drew Doughty             Jordan Leopold           

Goaltenders
Starting : Robin Lehner             
Backup : Jean-Sébastien Giguère   

Extra Forwards
Normal : Shane Doan, Martin Samuelsson, Jordan Nolan - PP : Shane Doan, Martin Samuelsson - PK : Jordan Nolan
Extra Defensemen
Normal : Andrej Sekera, Drew Doughty, Rob Scuderi - PP : Andrej Sekera - PK : Jordan Leopold, Rob Scuderi
Penalty Shots
Anze Kopitar, Daniel Briere, Jonas Hoglund, Andrew Cogliano, Greg Campbell

% Time on Ice - Flames

Lines # - Real PCT - Wanted PCT - Time Play
Normal Forward
1 - 39% - 39% - 19:56
2 - 27% - 30% - 13:44
3 - 18% - 21% - 9:16
4 - 15% - 10% - 7:49
Normal Defense
1 - 38% - 40% - 19:24
2 - 33% - 30% - 16:30
3 - 23% - 20% - 11:32
4 - 7% - 10% - 3:19
PP Forward
1 - 61% - 60% - 4:08
2 - 39% - 40% - 2:40
PP Defense
1 - 71% - 60% - 4:51
2 - 29% - 40% - 1:57
PK Forward
1 - 86% - 60% - 2:06
2 - 14% - 40% - 0:21
PK Defense
1 - 76% - 60% - 1:51
2 - 24% - 40% - 0:36
PK3 Forward
1 - 0% - 60%
2 - 0% - 40%
PK3 Defense
1 - 0% - 60%
2 - 0% - 40%
44 Forward
1 - 0% - 60%
2 - 0% - 40%
44 Defense
1 - 0% - 60%
2 - 0% - 40%
Last Minute Offensive  - 0:00
Last Minute Defensive  - 0:00
Total
Forward - 60:00
Defense - 60:00

% Time on Ice - Kings

Lines # - Real PCT - Wanted PCT - Time Play
Normal Forward
1 - 32% - 40% - 16:22
2 - 26% - 30% - 13:16
3 - 24% - 20% - 11:58
4 - 18% - 10% - 9:09
Normal Defense
1 - 37% - 40% - 18:35
2 - 34% - 30% - 17:28
3 - 24% - 20% - 12:21
4 - 5% - 10% - 2:21
PP Forward
1 - 64% - 60% - 1:34
2 - 36% - 40% - 0:53
PP Defense
1 - 49% - 60% - 1:12
2 - 51% - 40% - 1:15
PK Forward
1 - 95% - 60% - 6:26
2 - 5% - 40% - 0:22
PK Defense
1 - 73% - 60% - 4:58
2 - 27% - 40% - 1:50
PK3 Forward
1 - 0% - 60%
2 - 0% - 40%
PK3 Defense
1 - 0% - 60%
2 - 0% - 40%
44 Forward
1 - 0% - 60%
2 - 0% - 40%
44 Defense
1 - 0% - 60%
2 - 0% - 40%
Last Minute Offensive  - 0:00
Last Minute Defensive  - 0:00
Total
Forward - 60:00
Defense - 60:00

Play by Play

1st period


0:01 of 1st period - Alexander Semin wins face-off versus Anze Kopitar in neutral zone.
0:27 of 1st period - Drew Doughty is hit by Jordin Tootoo and loses puck.
0:36 of 1st period - Slapshot by Brad Ference.
0:36 of 1st period - Shot Misses the Net.
0:50 of 1st period - Snap shot by Jordan Nolan.
0:50 of 1st period - Shot Misses the Net.
1:07 of 1st period - Off-side.
1:08 of 1st period - Colin Wilson wins face-off versus Matt Duchene in neutral zone.
1:21 of 1st period - Off-side.
1:22 of 1st period - Eric Staal wins face-off versus Anze Kopitar in neutral zone.
1:25 of 1st period - Wrist shot by Alexander Semin.
1:25 of 1st period - Stopped by Robin Lehner with a rebound.
1:39 of 1st period - Slapshot by Anze Kopitar.
1:39 of 1st period - Stopped by Craig Anderson with a rebound.
2:36 of 1st period - Slapshot by Vladimir Tarasenko.
2:36 of 1st period - Shot Misses the Net.
2:38 of 1st period - Snap shot by Brad Ference.
2:38 of 1st period - Deflect By Vladimir Tarasenko.
2:38 of 1st period - Shot Misses the Net.
2:38 of 1st period - Puck is out of play.
2:39 of 1st period - Eric Staal wins face-off versus Anze Kopitar in Flames zone.
2:51 of 1st period - Wrist shot by Anze Kopitar.
2:51 of 1st period - Stopped by Craig Anderson with a rebound.
2:53 of 1st period - Slapshot by Daniel Briere.
2:53 of 1st period - Shot Misses the Net.
3:05 of 1st period - Andrej Sekera is hit by Jordin Tootoo and loses puck.
3:16 of 1st period - Snap shot by Jordin Tootoo.
3:16 of 1st period - Shot Blocked by Andrej Sekera.
3:18 of 1st period - Slapshot by Tomas Kaberle.
3:18 of 1st period - Deflect By Jordin Tootoo.
3:18 of 1st period - Stopped by Robin Lehner without a rebound.
3:19 of 1st period - Patrik Berglund wins face-off versus Anze Kopitar in Kings zone.
3:31 of 1st period - Off-side.
3:32 of 1st period - Eric Staal wins face-off versus Anze Kopitar in neutral zone.
3:50 of 1st period - Drew Doughty is hit by David Backes and loses puck.
4:29 of 1st period - Wrist shot by Martin Samuelsson.
4:29 of 1st period - Shot Blocked by Tomas Kaberle.
4:31 of 1st period - Slapshot by Luke Schenn.
4:31 of 1st period - Shot Blocked by Steve Regier.
4:33 of 1st period - Snap shot by Andrej Sekera.
4:33 of 1st period - Deflect By Erik Johnson.
4:33 of 1st period - Stopped by Craig Anderson with a rebound.
4:51 of 1st period - Snap shot by Brad Marchand.
4:51 of 1st period - Stopped by Robin Lehner with a rebound.
4:57 of 1st period - Craig Adams is hit by Luke Schenn and loses puck.
5:43 of 1st period - Icing by Steve Eminger.
5:44 of 1st period - Marcel Goc wins face-off versus Jordan Nolan in Flames zone.
5:57 of 1st period - Slapshot by Drew Doughty.
5:57 of 1st period - Stopped by Craig Anderson without a rebound.
5:58 of 1st period - Andrew Cogliano wins face-off versus Eric Staal in Flames zone.
6:28 of 1st period - Snap shot by Patrik Berglund.
6:28 of 1st period - Deflect By Michel Ouellet.
6:28 of 1st period - Stopped by Robin Lehner without a rebound.
6:29 of 1st period - Marcel Goc wins face-off versus Greg Campbell in Kings zone.
6:32 of 1st period - Slapshot by Marcel Goc.
6:32 of 1st period - Deflect By Scottie Upshall.
6:32 of 1st period - Stopped by Robin Lehner with a rebound.
7:00 of 1st period - Slapshot by Drew Doughty.
7:00 of 1st period - Stopped by Craig Anderson without a rebound.
7:01 of 1st period - Anze Kopitar wins face-off versus Patrik Berglund in Flames zone.
7:08 of 1st period - Wrist shot by Anze Kopitar.
7:08 of 1st period - Shot Misses the Net.
7:49 of 1st period - Slapshot by Filip Kuba.
7:49 of 1st period - Shot Misses the Net.
8:13 of 1st period - Wrist shot by Marcel Goc.
8:13 of 1st period - Stopped by Robin Lehner with a rebound.
8:15 of 1st period - Slapshot by Joe Corvo.
8:15 of 1st period - Shot Misses the Net.
8:17 of 1st period - Snap shot by Ron Hainsey.
8:17 of 1st period - Deflect By Scottie Upshall.
8:17 of 1st period - Stopped by Robin Lehner without a rebound.
8:18 of 1st period - Andrew Cogliano wins face-off versus Alexander Semin in Kings zone.
8:45 of 1st period - Drew Doughty is hit by Erik Johnson and loses puck.
9:16 of 1st period - Steve Eminger is hit by Jordan Nolan and loses puck.
9:23 of 1st period - Shane Doan is hit by Brad Marchand and loses puck.
9:44 of 1st period - Snap shot by Greg Campbell.
9:44 of 1st period - Stopped by Craig Anderson without a rebound.
9:45 of 1st period - Eric Staal wins face-off versus Anze Kopitar in Flames zone.
9:45 of 1st period - Minor Penalty to Alexander Semin for Hooking.
9:46 of 1st period - Marcel Goc wins face-off versus Anze Kopitar in Flames zone.
10:03 of 1st period - Slapshot by Daniel Briere.
10:03 of 1st period - Goal by Daniel Briere - Flames : 0 - Kings : 1.
10:04 of 1st period - Anze Kopitar wins face-off versus Eric Staal in neutral zone.
10:29 of 1st period - Wrist shot by Marcel Goc.
10:29 of 1st period - Deflect By Jordin Tootoo.
10:29 of 1st period - Goal by Jordin Tootoo - Flames : 1 - Kings : 1.
10:30 of 1st period - Eric Staal wins face-off versus Anze Kopitar in neutral zone.
10:56 of 1st period - Jonas Hoglund is hit by Filip Kuba and loses puck.
12:12 of 1st period - Snap shot by Vladimir Tarasenko.
12:12 of 1st period - Shot Misses the Net.
12:15 of 1st period - Icing by Filip Kuba.
12:16 of 1st period - Anze Kopitar wins face-off versus Eric Staal in Flames zone.
12:23 of 1st period - Wrist shot by Anze Kopitar.
12:23 of 1st period - Shot Misses the Net.
12:45 of 1st period - Wrist shot by Marcel Goc.
12:45 of 1st period - Goal by Marcel Goc - Flames : 2 - Kings : 1.
12:46 of 1st period - Anze Kopitar wins face-off versus Marcel Goc in neutral zone.
12:57 of 1st period - Snap shot by Daniel Briere.
12:57 of 1st period - Stopped by Craig Anderson with a rebound.
12:59 of 1st period - Snap shot by Daniel Briere.
12:59 of 1st period - Stopped by Craig Anderson without a rebound.
13:00 of 1st period - Patrik Berglund wins face-off versus Anze Kopitar in Flames zone.
13:07 of 1st period - Wrist shot by Patrik Berglund.
13:07 of 1st period - Shot Misses the Net.
13:13 of 1st period - Snap shot by Drew Doughty.
13:13 of 1st period - Deflect By Erik Johnson.
13:13 of 1st period - Stopped by Craig Anderson without a rebound.
13:14 of 1st period - Eric Staal wins face-off versus Greg Campbell in Flames zone.
13:51 of 1st period - Slapshot by Marcel Goc.
13:51 of 1st period - Stopped by Robin Lehner with a rebound.
13:55 of 1st period - Slapshot by Jordin Tootoo.
13:55 of 1st period - Shot Misses the Net.
14:12 of 1st period - Martin Samuelsson is hit by Steve Regier.
14:30 of 1st period - Wrist shot by Vladimir Tarasenko.
14:30 of 1st period - Shot Misses the Net.
14:50 of 1st period - Joe Corvo is hit by Scottie Upshall and loses puck.
15:27 of 1st period - Slapshot by Patrik Berglund.
15:27 of 1st period - Stopped by Robin Lehner with a rebound.
16:06 of 1st period - Snap shot by Marcel Goc.
16:06 of 1st period - Stopped by Robin Lehner without a rebound.
16:07 of 1st period - Greg Campbell wins face-off versus Marcel Goc in Kings zone.
16:07 of 1st period - Greg Campbell is hit by Mark Bell.
16:23 of 1st period - Slapshot by Greg Campbell.
16:23 of 1st period - Shot Misses the Net.
16:43 of 1st period - Snap shot by David Backes.
16:43 of 1st period - Goal by David Backes - Flames : 3 - Kings : 1.
16:44 of 1st period - Eric Staal wins face-off versus Anze Kopitar in neutral zone.
17:17 of 1st period - Mark Bell is hit by Scottie Upshall and loses puck.
17:57 of 1st period - Wrist shot by Eric Staal.
17:57 of 1st period - Stopped by Robin Lehner without a rebound.
17:58 of 1st period - Anze Kopitar wins face-off versus Alexander Semin in Kings zone.
18:37 of 1st period - Slapshot by David Backes.
18:37 of 1st period - Deflect By Eric Staal.
18:37 of 1st period - Shot Blocked by Luke Schenn.
18:37 of 1st period - Puck is out of play.
18:38 of 1st period - Andrew Cogliano wins face-off versus Marcel Goc in Kings zone.
19:03 of 1st period - Steve Regier is hit by Jonas Hoglund and loses puck.
19:30 of 1st period - Slapshot by Filip Kuba.
19:30 of 1st period - Shot Blocked by Brad Ference.
Goals for this period are 3 for Flames vs 1 for Kings.
Shots for this period are 14 for Flames vs 10 for Kings.

2nd period


0:01 of 2nd period - Eric Staal wins face-off versus Anze Kopitar in neutral zone.
0:47 of 2nd period - Slapshot by Erik Johnson.
0:47 of 2nd period - Deflect By Steve Regier.
0:47 of 2nd period - Stopped by Robin Lehner with a rebound.
1:55 of 2nd period - Marcel Goc is hit by Scottie Upshall and loses puck.
2:08 of 2nd period - Snap shot by Brad Marchand.
2:08 of 2nd period - Shot Misses the Net.
2:10 of 2nd period - Slapshot by Steve Eminger.
2:10 of 2nd period - Deflect By Colin Wilson.
2:10 of 2nd period - Stopped by Robin Lehner with a rebound.
2:12 of 2nd period - Slapshot by Steve Eminger.
2:12 of 2nd period - Stopped by Robin Lehner without a rebound.
2:13 of 2nd period - Anze Kopitar wins face-off versus Colin Wilson in Kings zone.
2:22 of 2nd period - Wrist shot by Anze Kopitar.
2:22 of 2nd period - Stopped by Craig Anderson with a rebound.
2:47 of 2nd period - Snap shot by Erik Johnson.
2:47 of 2nd period - Shot Misses the Net.
3:02 of 2nd period - Greg Campbell is hit by Jordin Tootoo.
3:21 of 2nd period - Mark Bell is hit by Daniel Briere.
3:27 of 2nd period - Snap shot by Jordin Tootoo.
3:27 of 2nd period - Shot Misses the Net.
3:41 of 2nd period - Slapshot by Marcel Goc.
3:41 of 2nd period - Goal by Marcel Goc - Flames : 4 - Kings : 1.
3:41 of 2nd period - Jean-Sébastien Giguère enters game.
3:42 of 2nd period - Anze Kopitar wins face-off versus Eric Staal in neutral zone.
3:44 of 2nd period - Minor Penalty to Jordan Leopold for Roughing.
3:45 of 2nd period - Eric Staal wins face-off versus Anze Kopitar in Kings zone.
4:00 of 2nd period - Off-side.
4:01 of 2nd period - Anze Kopitar wins face-off versus Eric Staal in neutral zone.
4:12 of 2nd period - Snap shot by David Backes.
4:12 of 2nd period - Deflect By Eric Staal.
4:12 of 2nd period - Shot Misses the Net.
4:12 of 2nd period - Puck is out of play.
4:13 of 2nd period - Eric Staal wins face-off versus Anze Kopitar in Kings zone.
5:18 of 2nd period - Slapshot by Jonas Hoglund.
5:18 of 2nd period - Shot Misses the Net.
5:20 of 2nd period - Snap shot by Brad Ference.
5:20 of 2nd period - Stopped by Craig Anderson without a rebound.
5:21 of 2nd period - Jonas Hoglund wins face-off versus Patrik Berglund in Flames zone.
5:30 of 2nd period - Wrist shot by Andrew Cogliano.
5:30 of 2nd period - Goal by Andrew Cogliano - Flames : 4 - Kings : 2.
5:31 of 2nd period - Patrik Berglund wins face-off versus Anze Kopitar in neutral zone.
5:44 of 2nd period - Penalty to Jordan Leopold is over, Jordan Leopold is back on ice.
6:28 of 2nd period - Rob Scuderi is hit by David Backes.
6:42 of 2nd period - Colin Wilson is hit by Anze Kopitar and loses puck.
6:55 of 2nd period - Michel Ouellet is hit by Daniel Briere.
6:58 of 2nd period - Off-side.
6:59 of 2nd period - Greg Campbell wins face-off versus Patrik Berglund in neutral zone.
7:06 of 2nd period - Snap shot by Greg Campbell.
7:06 of 2nd period - Stopped by Craig Anderson without a rebound.
7:07 of 2nd period - Eric Staal wins face-off versus Greg Campbell in Flames zone.
7:14 of 2nd period - Backhand shot by David Backes.
7:14 of 2nd period - Shot Misses the Net.
7:20 of 2nd period - Snap shot by Scottie Upshall.
7:20 of 2nd period - Shot Misses the Net.
7:22 of 2nd period - Slapshot by Andrej Sekera.
7:22 of 2nd period - Stopped by Craig Anderson with a rebound.
7:24 of 2nd period - Snap shot by Jonas Hoglund.
7:24 of 2nd period - Stopped by Craig Anderson with a rebound.
7:34 of 2nd period - Snap shot by Greg Campbell.
7:34 of 2nd period - Shot Blocked by Eric Staal.
7:36 of 2nd period - Slapshot by Andrej Sekera.
7:36 of 2nd period - Stopped by Craig Anderson without a rebound.
7:37 of 2nd period - Patrik Berglund wins face-off versus Anze Kopitar in Flames zone.
7:52 of 2nd period - Slapshot by Drew Doughty.
7:52 of 2nd period - Stopped by Craig Anderson with a rebound.
7:54 of 2nd period - Wrist shot by Andrew Cogliano.
7:54 of 2nd period - Shot Hit the Post.
8:01 of 2nd period - Icing by Michel Ouellet.
8:02 of 2nd period - Jordan Nolan wins face-off versus Marcel Goc in Flames zone.
8:12 of 2nd period - Off-side.
8:13 of 2nd period - Anze Kopitar wins face-off versus Eric Staal in neutral zone.
10:22 of 2nd period - Off-side.
10:23 of 2nd period - Jonas Hoglund wins face-off versus Patrik Berglund in neutral zone.
10:38 of 2nd period - Slapshot by Patrik Berglund.
10:38 of 2nd period - Shot Blocked by Andrej Sekera.
11:47 of 2nd period - Snap shot by Andrew Cogliano.
11:47 of 2nd period - Shot Misses the Net.
12:01 of 2nd period - Anze Kopitar is hit by Alexander Semin and loses puck.
12:21 of 2nd period - Snap shot by Marcel Goc.
12:21 of 2nd period - Goal by Marcel Goc - Flames : 5 - Kings : 2.
12:22 of 2nd period - Eric Staal wins face-off versus Anze Kopitar in neutral zone.
12:31 of 2nd period - Jordan Leopold is hit by Eric Staal and loses puck.
13:04 of 2nd period - Slapshot by David Backes.
13:04 of 2nd period - Stopped by Jean-Sébastien Giguère with a rebound.
13:47 of 2nd period - Icing by Brad Ference.
13:48 of 2nd period - Jordan Nolan wins face-off versus Marcel Goc in Kings zone.
13:54 of 2nd period - Off-side.
13:55 of 2nd period - Marcel Goc wins face-off versus Anze Kopitar in neutral zone.
16:40 of 2nd period - Wrist shot by Jordan Nolan.
16:40 of 2nd period - Stopped by Craig Anderson with a rebound.
16:50 of 2nd period - Filip Kuba is hit by Martin Samuelsson.
17:32 of 2nd period - Greg Campbell is hit by Patrik Berglund and loses puck.
17:47 of 2nd period - Andrew Cogliano is hit by Steve Eminger and loses puck.
18:36 of 2nd period - Snap shot by Matt Duchene.
18:36 of 2nd period - Stopped by Craig Anderson with a rebound.
19:12 of 2nd period - Andrew Cogliano is hit by Filip Kuba and loses puck.
19:37 of 2nd period - Vladimir Tarasenko is hit by Colin Wilson and loses puck.
Goals for this period are 2 for Flames vs 1 for Kings.
Shots for this period are 6 for Flames vs 10 for Kings.

3rd period


0:01 of 3rd period - Anze Kopitar wins face-off versus Eric Staal in neutral zone.
0:08 of 3rd period - Backhand shot by Drew Doughty.
0:08 of 3rd period - Shot Blocked by Filip Kuba.
0:41 of 3rd period - Greg Campbell is hit by Jordin Tootoo and loses puck.
1:03 of 3rd period - Slapshot by Greg Campbell.
1:03 of 3rd period - Shot Blocked by Erik Johnson.
1:05 of 3rd period - Slapshot by Brad Ference.
1:05 of 3rd period - Deflect By Jonas Hoglund.
1:05 of 3rd period - Stopped by Craig Anderson with a rebound.
1:07 of 3rd period - Slapshot by Brad Ference.
1:07 of 3rd period - Shot Blocked by Brad Marchand.
1:09 of 3rd period - Slapshot by Jonas Hoglund.
1:09 of 3rd period - Stopped by Craig Anderson without a rebound.
1:10 of 3rd period - Anze Kopitar wins face-off versus Eric Staal in Flames zone.
1:19 of 3rd period - Wrist shot by Alexander Semin.
1:19 of 3rd period - Stopped by Jean-Sébastien Giguère without a rebound.
1:20 of 3rd period - Eric Staal wins face-off versus Anze Kopitar in Kings zone.
1:31 of 3rd period - Snap shot by David Backes.
1:31 of 3rd period - Stopped by Jean-Sébastien Giguère without a rebound.
1:32 of 3rd period - Eric Staal wins face-off versus Anze Kopitar in Kings zone.
1:59 of 3rd period - Drew Doughty is hit by Mark Bell and loses puck.
2:12 of 3rd period - Snap shot by Jordin Tootoo.
2:12 of 3rd period - Stopped by Jean-Sébastien Giguère without a rebound.
2:13 of 3rd period - Anze Kopitar wins face-off versus Patrik Berglund in Kings zone.
2:23 of 3rd period - Off-side.
2:24 of 3rd period - Eric Staal wins face-off versus Anze Kopitar in neutral zone.
2:49 of 3rd period - Scottie Upshall is hit by Mark Bell.
3:30 of 3rd period - Slapshot by Ron Hainsey.
3:30 of 3rd period - Stopped by Jean-Sébastien Giguère without a rebound.
3:31 of 3rd period - Eric Staal wins face-off versus Matt Duchene in Kings zone.
3:39 of 3rd period - Minor Penalty to Matt Duchene for High sticking.
3:40 of 3rd period - Eric Staal wins face-off versus Anze Kopitar in Kings zone.
4:14 of 3rd period - Wrist shot by Patrik Berglund.
4:14 of 3rd period - Goal by Patrik Berglund - Flames : 6 - Kings : 2.
4:15 of 3rd period - Anze Kopitar wins face-off versus Eric Staal in neutral zone.
4:41 of 3rd period - Drew Doughty is hit by Steve Regier and loses puck.
5:13 of 3rd period - Drew Doughty is hit by Mark Bell and loses puck.
5:49 of 3rd period - Double Minor Penalty to Anze Kopitar for Roughing.
5:50 of 3rd period - Eric Staal wins face-off versus Jordan Nolan in Kings zone.
6:00 of 3rd period - Snap shot by David Backes.
6:00 of 3rd period - Stopped by Jean-Sébastien Giguère with a rebound.
6:02 of 3rd period - Slapshot by Filip Kuba.
6:02 of 3rd period - Stopped by Jean-Sébastien Giguère with a rebound.
6:12 of 3rd period - Brad Ference is hit by Alexander Semin and loses puck.
7:29 of 3rd period - Eric Staal is hit by Drew Doughty and loses puck.
7:36 of 3rd period - Jordan Leopold is hit by Alexander Semin and loses puck.
9:32 of 3rd period - Craig Adams is hit by Matt Duchene and loses puck.
9:49 of 3rd period - Penalty to Anze Kopitar is over, Anze Kopitar is back on ice.
10:03 of 3rd period - Minor Penalty to Mark Bell for Holding.
10:04 of 3rd period - Anze Kopitar wins face-off versus Marcel Goc in Flames zone.
10:13 of 3rd period - Snap shot by Andrew Cogliano.
10:13 of 3rd period - Goal by Andrew Cogliano - Flames : 6 - Kings : 3.
10:14 of 3rd period - Eric Staal wins face-off versus Andrew Cogliano in neutral zone.
10:43 of 3rd period - Off-side.
10:44 of 3rd period - Greg Campbell wins face-off versus Marcel Goc in neutral zone.
10:54 of 3rd period - Off-side.
10:55 of 3rd period - Anze Kopitar wins face-off versus Eric Staal in neutral zone.
11:08 of 3rd period - Snap shot by Daniel Briere.
11:08 of 3rd period - Shot Misses the Net.
11:22 of 3rd period - Filip Kuba is hit by Drew Doughty and loses puck.
11:39 of 3rd period - Martin Samuelsson is hit by Erik Johnson and loses puck.
11:56 of 3rd period - Minor Penalty to Michel Ouellet for Hooking.
11:57 of 3rd period - Marcel Goc wins face-off versus Anze Kopitar in Flames zone.
11:57 of 3rd period - Marcel Goc is hit by Anze Kopitar.
12:23 of 3rd period - David Backes is hit by Jordan Leopold.
12:35 of 3rd period - Wrist shot by David Backes.
12:35 of 3rd period - Stopped by Jean-Sébastien Giguère without a rebound.
12:36 of 3rd period - Marcel Goc wins face-off versus Anze Kopitar in Kings zone.
12:51 of 3rd period - Wrist shot by Anze Kopitar.
12:51 of 3rd period - Deflect By Daniel Briere.
12:51 of 3rd period - Stopped by Craig Anderson with a rebound.
12:53 of 3rd period - Slapshot by Daniel Briere.
12:53 of 3rd period - Stopped by Craig Anderson with a rebound.
13:26 of 3rd period - Wrist shot by Eric Staal.
13:26 of 3rd period - Shot Hit the Post.
13:56 of 3rd period - Penalty to Michel Ouellet is over, Michel Ouellet is back on ice.
14:02 of 3rd period - Slapshot by Alexander Semin.
14:02 of 3rd period - Shot Blocked by Martin Samuelsson.
14:08 of 3rd period - Erik Johnson is hit by Jordan Nolan.
14:19 of 3rd period - Jordan Nolan is hit by Michel Ouellet and loses puck.
14:30 of 3rd period - Shane Doan is hit by Ron Hainsey and loses puck.
14:37 of 3rd period - Snap shot by Alexander Semin.
14:37 of 3rd period - Shot Blocked by Luke Schenn.
14:39 of 3rd period - Snap shot by Colin Wilson.
14:39 of 3rd period - Stopped by Jean-Sébastien Giguère with a rebound.
14:49 of 3rd period - Wrist shot by Michel Ouellet.
14:49 of 3rd period - Shot Blocked by Andrej Sekera.
15:37 of 3rd period - Slapshot by Colin Wilson.
15:37 of 3rd period - Shot Misses the Net.
15:50 of 3rd period - Minor Penalty to Shane Doan for Cross-checking.
15:51 of 3rd period - Daniel Briere wins face-off versus Patrik Berglund in Kings zone.
15:57 of 3rd period - Slapshot by Steve Regier.
15:57 of 3rd period - Stopped by Jean-Sébastien Giguère with a rebound.
15:59 of 3rd period - Snap shot by Brad Marchand.
15:59 of 3rd period - Stopped by Jean-Sébastien Giguère with a rebound.
16:01 of 3rd period - Slapshot by Erik Johnson.
16:01 of 3rd period - Stopped by Jean-Sébastien Giguère without a rebound.
16:02 of 3rd period - Patrik Berglund wins face-off versus Anze Kopitar in Kings zone.
16:05 of 3rd period - Backhand shot by Erik Johnson.
16:05 of 3rd period - Goal by Erik Johnson - Flames : 7 - Kings : 3.
16:06 of 3rd period - Anze Kopitar wins face-off versus Marcel Goc in neutral zone.
18:11 of 3rd period - Slapshot by Drew Doughty.
18:11 of 3rd period - Shot Misses the Net.
18:13 of 3rd period - Wrist shot by Max Pacioretty.
18:13 of 3rd period - Stopped by Craig Anderson without a rebound.
18:14 of 3rd period - Eric Staal wins face-off versus Matt Duchene in Flames zone.
18:34 of 3rd period - Snap shot by Vladimir Tarasenko.
18:34 of 3rd period - Shot Blocked by David Backes.
18:36 of 3rd period - Snap shot by Matt Duchene.
18:36 of 3rd period - Shot Misses the Net.
18:38 of 3rd period - Snap shot by Matt Duchene.
18:38 of 3rd period - Stopped by Craig Anderson with a rebound.
18:40 of 3rd period - Wrist shot by Matt Duchene.
18:40 of 3rd period - Shot Blocked by Ron Hainsey.
18:42 of 3rd period - Snap shot by Max Pacioretty.
18:42 of 3rd period - Stopped by Craig Anderson with a rebound.
18:44 of 3rd period - Snap shot by Drew Doughty.
18:44 of 3rd period - Shot Blocked by Alexander Semin.
18:46 of 3rd period - Wrist shot by Matt Duchene.
18:46 of 3rd period - Stopped by Craig Anderson with a rebound.
18:56 of 3rd period - Snap shot by Matt Duchene.
18:56 of 3rd period - Shot Hit the Post.
19:28 of 3rd period - Slapshot by Alexander Semin.
19:28 of 3rd period - Stopped by Jean-Sébastien Giguère with a rebound.
19:30 of 3rd period - Wrist shot by David Backes.
19:30 of 3rd period - Stopped by Jean-Sébastien Giguère with a rebound.
19:32 of 3rd period - Slapshot by Ron Hainsey.
19:32 of 3rd period - Stopped by Jean-Sébastien Giguère with a rebound.
19:34 of 3rd period - Snap shot by Eric Staal.
19:34 of 3rd period - Shot Blocked by Matt Duchene.
19:36 of 3rd period - Snap shot by David Backes.
19:36 of 3rd period - Deflect By Alexander Semin.
19:36 of 3rd period - Stopped by Jean-Sébastien Giguère with a rebound.
19:48 of 3rd period - Snap shot by Alexander Semin.
19:48 of 3rd period - Shot Hit the Post.
19:50 of 3rd period - Snap shot by David Backes.
19:50 of 3rd period - Goal by David Backes - Flames : 8 - Kings : 3.
19:51 of 3rd period - Marcel Goc wins face-off versus Andrew Cogliano in neutral zone.
Goals for this period are 3 for Flames vs 1 for Kings.
Shots for this period are 18 for Flames vs 9 for Kings.